 Dungeon Crawl Stone Soup version 0.19-b1-5-gdc9fa9d (webtiles) character file.

16473 varam the Severer (level 12, -2/112 HPs)
             Began as a Minotaur Berserker on Oct 31, 2016.
             Was a High Priest of Trog.
             Slain by a hellwing (9 damage)
             ... summoned by a kobold demonologist
             ... on level 12 of the Dungeon.
             The game lasted 00:24:52 (11478 turns).

varam the Severer (Minotaur Berserker)             Turns: 11478, Time: 00:24:52

Health: -2/112     AC: 12    Str: 29    XL:     12   Next: 10%
Magic:  11/11      EV: 12    Int:  4    God:    Trog [*****.]
Gold:   484        SH: 12    Dex: 12    Spells: 0 memorised, 11 levels left

rFire  + . .     SeeInvis .     w - +3 hand axe
rCold  . . .     Gourm    +     A - +2 leather armour {rF+}
rNeg   . . .     Faith    .     x - +0 shield
rPois  .         Spirit   .     (helmet restricted)
rElec  .         Reflect  .     F - +1 cloak {MR+}
rCorr  .         Harm     .     H - +2 pair of gloves
MR     +....                    t - +0 pair of boots
Stlth  +.........               Z - amulet of the gourmand
                                R - +4 ring of strength
                                E - ring of flight

@: exhausted, slowed, very slow
A: retaliatory headbutt, horns 2
a: Berserk, Trog's Hand, Brothers in Arms, Burn Spellbooks, Renounce Religion,
Evoke Flight


You were on level 12 of the Dungeon.
You worshipped Trog.
Trog was extremely pleased with you.
You were very full.

You visited 1 branch of the dungeon, and saw 13 of its levels.

You collected 795 gold pieces.
You spent 311 gold pieces at shops.

Inventory:

Hand Weapons
 a - a +0 war axe
 w - a +3 hand axe (weapon)
 P - a +4 hand crossbow of flaming
 U - the +6 scimitar of Flaming Death {sticky flame, rPois rF++ rC- MR+}
   (You took it off Azrael on level 12 of the Dungeon)

   It has been specially enchanted to burn those struck by it, causing extra
   injury to most foes and up to half again as much damage against particularly
   susceptible opponents.
   Big, fiery blades are also staple armaments of hydra-hunters.
   It greatly protects you from fire.
   It makes you vulnerable to cold.
   It protects you from poison.
   It affects your resistance to hostile enchantments.
Missiles
 N - 2 throwing nets (quivered)
 Y - 50 bolts
Armour
 t - a +0 pair of boots (worn)
 x - a +0 shield (worn)
 A - a +2 leather armour of fire resistance (worn)
 F - a +1 cloak of magic resistance (worn)
 H - a +2 pair of gloves (worn)
Jewellery
 E - a ring of flight (left hand)
 R - a +4 ring of strength (right hand)
 V - an uncursed ring of ice
 Z - an amulet of the gourmand (around neck)
Wands
 e - a wand of flame (33/48)
 p - a wand of disintegration (8/24)
 O - a wand of teleportation (5/9)
 X - a wand of acid (6/15)
Scrolls
 d - 8 scrolls of remove curse
 f - a scroll of magic mapping
 j - a scroll of teleportation
 m - 4 scrolls of enchant weapon
 o - a scroll of fear
 y - a scroll of blinking
 G - 6 scrolls of fog
 L - 2 scrolls of random uselessness {unknown}
 M - a scroll of brand weapon
Potions
 g - a potion of agility {unknown}
 h - 2 potions of haste {unknown}
 i - 6 potions of curing
 k - 5 potions of lignification
 l - a potion of degeneration {unknown}
 q - 2 potions of cure mutation
 r - 2 potions of flight {unknown}
 s - 2 potions of brilliance {unknown}
 B - a potion of berserk rage {unknown}
 I - a potion of heal wounds {unknown}
 J - a potion of cancellation {unknown}
 W - a potion of resistance {unknown}
Books
 Q - a book of Geomancy

   Spells                             Type                      Level
   a - Sandblast                      Earth                        1
   b - Passwall                       Transmutation/Earth          2
   c - Stone Arrow                    Conjuration/Earth            3
   d - Petrify                        Transmutation/Earth          4
   e - Lee's Rapid Deconstruction     Earth                        5
   Trog disapproves of the use of such an item.
 S - a book of Cantrips

   Spells                             Type                      Level
   a - Confusing Touch                Hexes                        1
   b - Animate Skeleton               Necromancy                   1
   c - Summon Small Mammal            Summoning                    1
   d - Apportation                    Translocation                1
   Trog disapproves of the use of such an item.
Comestibles
 b - a chunk of flesh
 c - 8 bread rations
 n - 5 meat rations
 u - 7 beef jerkies
 C - 7 fruits
 K - 9 royal jellies


   Skills:
 + Level 11.8 Fighting
 * Level 16.4 Axes
 + Level 6.9 Armour
 - Level 4.0 Dodging
 - Level 9.2 Shields


You had 11 spell levels left.
You didn't know any spells.

Dungeon Overview and Level Annotations

Branches:
Dungeon (13/15)            Temple (0/1) D:4            Lair (0/6) D:10
    Orc (0/2) D:12
 Vaults: D:13-14

Altars:
Ashenzari
Elyvilon
Fedhas
Hepliaklqana
Qazlal
Sif Muna
Xom
Yredelemnul
The Shining One
Beogh

Shops:
D:9 :(


Innate Abilities, Weirdness & Mutations

You reflexively headbutt those who attack you in melee.
You have a pair of horns on your head.


Message History

You headbutt the smoke demon!
The smoke demon hits you but does no damage. x2
The iron imp barely misses you.
The white imp hits you but does no damage.
The hellwing closely misses you. You furiously retaliate!
You headbutt the hellwing, but do no damage.
You block the hellwing's attack.
The kobold demonologist casts a cantrip, but nothing happens.
You block the hill giant's attack.
You feel better.
You are covered in liquid flames!
You block the ufetubus's attack. The ufetubus closely misses you.
Your ogre closely misses the iron imp.
The smoke demon gestures at you. Something smites you!
* * * LOW HITPOINT WARNING * * *
You block the white imp's attack. The hellwing hits you.
* * * LOW HITPOINT WARNING * * *
The hellwing hits you!
You die...

....
##.#.#.##...##
.....
#........###..
..... #.D#.##..##
# ....
..D.##.#####
.......## ###
'####'###########
......)..........
......)C45.......
......†K@5o......
.......53O.......
.%..%..K.........
######..##.####.#
.'..# ## K..#...
...#...


YY... ## #... ..... ..Y.. You could see a hill giant, a hellwing, a kobold
demonologist, a smoke demon, an iron imp, a white imp, an orc, an ufetubus, a
kobold and a friendly ogre (berserk).

Vanquished Creatures
  Azrael (D:12)
  Fannar (D:10)
  A centaur warrior (D:11)
  2 hill giants
  An ugly thing (D:11)
  A deep elf mage (D:11)
  2 trolls
  3 two-headed ogres
  3 hornets (D:9)
  3 hippogriffs
  3 wyverns
  3 yaks (D:11)
  17 fire elementals (D:12)
  Eustachio (D:4)
  2 hungry ghosts
  A soldier ant (D:11)
  The ghost of Flash162 the Conjurer, an amateur DECj (D:5)
  6 orc warriors
  3 ice beasts
  A sky beast (D:11)
  2 necrophages
  An eye of draining (D:10)
  3 phantoms
  A black bear (D:10)
  8 ogres
  6 centaurs
  7 bullfrogs
  A gnoll sergeant (D:9)
  A water moccasin zombie (D:6)
  3 scorpions
  6 killer bees
  An electric eel (D:9)
  2 howler monkeys
  2 crimson imps
  2 centaur zombies
  A bullfrog zombie (D:7)
  2 jellies
  2 quasits
  15 orc priests
  Crazy Yiuf (D:6)
  8 orc wizards
  3 centaur skeletons
  3 hounds
  4 iguanas
  Jessica (D:3)
  4 bullfrog skeletons
  Natasha (thrice) (D:4)
  5 worker ants
  A killer bee zombie (D:9)
  2 hound skeletons
  9 gnolls
  10 adders
  3 shadow imps
  3 adder skeletons
  An adder zombie (D:7)
  3 worms
  7 dart slugs
  5 leopard geckos
  46 orcs
  8 giant cockroaches
  12 hobgoblins
  27 jackals
  10 kobolds
  6 quokkas
  12 bats
  A frilled lizard (D:3)
  12 goblins
  A leopard gecko zombie (D:7)
  3 quokka zombies
  10 rats
346 creatures vanquished.

Vanquished Creatures (collateral kills)
  A water moccasin (D:10)
  4 orc warriors (D:10)
  An orc priest (D:10)
  A worker ant (D:10)
  8 orcs (D:10)
15 creatures vanquished.

Grand Total: 361 creatures vanquished

Notes
Turn   | Place    | Note
-------+----------+-------------------------------------------
     0 | D:1      | varam the Minotaur Berserker began the quest for the Orb.
     0 | D:1      | Reached XP level 1. HP: 19/19 MP: 0/0
    37 | D:1      | Reached skill level 4 in Axes
   125 | D:1      | Reached XP level 2. HP: 26/26 MP: 1/1
   491 | D:1      | Reached skill level 5 in Axes
   568 | D:1      | Reached XP level 3. HP: 31/31 MP: 2/2
   681 | D:2      | Reached ** piety under Trog
  1222 | D:2      | Reached skill level 6 in Axes
  1222 | D:2      | Reached XP level 4. HP: 36/39 MP: 3/3
  1863 | D:3      | Noticed a phantom
  1866 | D:3      | Reached *** piety under Trog
  1883 | D:3      | Killed a phantom
  1883 | D:3      | Reached skill level 7 in Axes
  1883 | D:3      | Reached XP level 5. HP: 37/45 MP: 4/4
  2041 | D:3      | Noticed Jessica
  2051 | D:3      | Killed Jessica
  2270 | D:3      | Found a deep blue altar of Sif Muna.
  2363 | D:4      | Reached XP level 6. HP: 26/52 MP: 5/5
  2365 | D:4      | Reached skill level 8 in Axes
  2402 | D:4      | Noticed Natasha
  2634 | D:4      | Killed Natasha
  2634 | D:4      | Reached skill level 4 in Fighting
  2634 | D:4      | Reached skill level 3 in Armour
  2673 | D:4      | Found a staircase to the Ecumenical Temple.
  2822 | D:4      | Noticed Natasha
  2847 | D:4      | Killed Natasha
  2930 | D:4      | Noticed Natasha
  2952 | D:4      | Killed Natasha
  2952 | D:4      | Reached skill level 3 in Dodging
  2982 | D:4      | Noticed Eustachio
  3025 | D:4      | Killed Eustachio
  3025 | D:4      | Reached XP level 7. HP: 17/60 MP: 6/6
  3285 | D:4      | Reached **** piety under Trog
  3613 | D:5      | Entered Level 5 of the Dungeon
  3672 | D:5      | Reached skill level 4 in Armour
  3694 | D:5      | Noticed Flash162's ghost (amateur DECj)
  3706 | D:5      | Killed Flash162's ghost
  3706 | D:5      | Reached skill level 5 in Fighting
  3706 | D:5      | Reached skill level 9 in Axes
  3714 | D:5      | Reached skill level 4 in Dodging
  4036 | D:5      | Reached skill level 1 in Shields
  4151 | D:6      | Reached XP level 8. HP: 43/69 MP: 7/7
  4153 | D:6      | Reached skill level 2 in Shields
  4450 | D:6      | Found a shattered altar of Ashenzari.
  4547 | D:6      | Reached skill level 6 in Fighting
  4619 | D:6      | Reached skill level 10 in Axes
  4647 | D:6      | Found a basalt altar of Yredelemnul.
  4650 | D:6      | Found a blossoming altar of Fedhas.
  4652 | D:6      | Found a glowing golden altar of the Shining One.
  4661 | D:6      | Reached skill level 3 in Shields
  4715 | D:6      | Noticed a hill giant
  4720 | D:6      | Killed a hill giant
  4720 | D:6      | Reached skill level 4 in Shields
  4798 | D:6      | Reached skill level 7 in Fighting
  4805 | D:6      | Reached skill level 11 in Axes
  4805 | D:6      | Reached XP level 9. HP: 76/79 MP: 8/8
  4874 | D:6      | Reached ***** piety under Trog
  4901 | D:6      | Found a runed door.
  4932 | D:6      | Noticed Crazy Yiuf
  4938 | D:6      | Killed Crazy Yiuf
  5225 | D:7      | Reached skill level 5 in Shields
  5373 | D:7      | Found a hazy altar of Hepliaklqana.
  5374 | D:7      | Found a shimmering altar of Xom.
  5375 | D:7      | Noticed a spectral ugly thing
  5806 | D:6      | Reached skill level 12 in Axes
  5928 | D:8      | Found a white marble altar of Elyvilon.
  5948 | D:8      | Reached skill level 8 in Fighting
  6248 | D:8      | Reached skill level 6 in Shields
  6622 | D:8      | Reached XP level 10. HP: 90/90 MP: 9/9
  6706 | D:8      | Received a gift from Trog
  6724 | D:8      | Found a stormy altar of Qazlal.
  6942 | D:9      | Found Piraplun's Book Shoppe.
  6973 | D:9      | Reached skill level 13 in Axes
  7059 | D:9      | Found Rel Zec's Weapon Boutique.
  7067 | D:9      | Bought a +4 hand crossbow of flaming for 311 gold pieces
  7090 | D:9      | Reached skill level 9 in Fighting
  7130 | D:9      | Reached skill level 7 in Shields
  8326 | D:10     | Entered Level 10 of the Dungeon
  8344 | D:10     | Found a staircase to the Lair.
  8600 | D:10     | Noticed Fannar
  8609 | D:10     | Killed Fannar
  8609 | D:10     | Reached skill level 14 in Axes
  8621 | D:10     | Reached skill level 8 in Shields
  8725 | D:10     | Reached skill level 10 in Fighting
  8781 | D:10     | Found a roughly hewn altar of Beogh.
  9015 | D:10     | Reached XP level 11. HP: 44/100 MP: 10/10
  9727 | D:11     | Noticed a centaur warrior
  9727 | D:11     | Noticed a white ugly thing
  9739 | D:11     | Killed a white ugly thing
  9739 | D:11     | Reached skill level 9 in Shields
  9743 | D:11     | Killed a centaur warrior
  9743 | D:11     | Reached skill level 15 in Axes
  9768 | D:11     | Noticed a six-headed hydra
 10034 | D:11     | Noticed a deep elf mage
 10038 | D:11     | Killed a deep elf mage
 10158 | D:11     | Reached skill level 11 in Fighting
 10158 | D:11     | Reached skill level 5 in Armour
 10594 | D:12     | Received a gift from Trog
 10656 | D:12     | Reached skill level 6 in Armour
 10751 | D:12     | Noticed Azrael
 10760 | D:12     | Killed Azrael
 10760 | D:12     | Reached skill level 16 in Axes
 10876 | D:12     | Noticed a hill giant
 10895 | D:12     | Killed a hill giant
 11005 | D:12     | Reached XP level 12. HP: 102/110 MP: 11/11
 11077 | D:12     | Found a staircase to the Orcish Mines.
 11194 | D:12     | Noticed an eight-headed hydra
 11478 | D:12     | HP: 9/112 [smoke demon/divine providence[a kobold demonologist] (15)]
 11478 | D:12     | Slain by a hellwing

Skill      XL: |  1  2  3  4  5  6  7  8  9 10 11 |
---------------+----------------------------------+-----
Axes           | 4 5 6 7 8 9 11 12 14 16 | 16.4
Fighting       | 4 5 7 8 10 11 | 11.8
Armour         | 3 4 6 |  6.9
Dodging        | 3 4 |  4.0
Shields        | 1 4 6 8 9 |  9.2

Action                   |  1- 3 |  4- 6 |  7- 9 | 10-12 || total
-------------------------+-------+-------+-------+-------++-------
Melee: Hand axe          |    88 |   184 |   324 |   495 ||  1091
       Headbutt          |    14 |    30 |    57 |   129 ||   230
       War axe           |       |       |     5 |       ||     5
       Scimitar          |       |       |       |     4 ||     4
 Fire: Hand crossbow     |       |       |       |     3 ||     3
Invok: Berserk           |       |     3 |     7 |     9 ||    19
       Brothers in Arms  |       |       |       |     6 ||     6
       Burn Spellbooks   |       |       |       |     1 ||     1
       Trog's Hand       |       |       |       |     2 ||     2
 Abil: Evoke Flight      |       |       |       |     2 ||     2
  Use: Scroll            |       |       |     4 |    16 ||    20
       Potion            |       |       |       |     1 ||     1
 Stab: Distracted        |       |       |     1 |       ||     1
       Sleeping          |       |       |       |     1 ||     1
  Eat: Chunk             |     1 |     8 |    18 |    45 ||    72
Armor: Animal skin       |     3 |       |       |       ||     3
       Ring mail         |    13 |    59 |       |       ||    72
       Leather armour    |       |       |    62 |   102 ||   164
Dodge: Dodged            |    56 |   123 |   100 |   118 ||   397
Block: Shield            |       |       |   117 |   210 ||   327
